 Dungeon Crawl Stone Soup version 0.30.1-9-gdf580d7c3d (webtiles) character file.

Game seed: 6737940901259071630

51432 Zonian the Fighter (level 14, 0/142 HPs)
             Began as an Armataur Fighter on Sept 24, 2023.
             Was a High Priest of Makhleb.
             Slain by an unseen horror (5 damage)
             ... on level 12 of the Dungeon.
             The game lasted 01:13:40 (26704 turns).

Zonian the Fighter (Armataur Fighter)              Turns: 26704, Time: 01:13:41

Health: 0/142      AC: 14    Str: 26    XL:     14   Next: 23%
Magic:  21/21      EV:  7    Int: 10    God:    Makhleb [*****.]
Gold:   1268       SH:  5    Dex: 13    Spells: 13/13 levels left

rFire   . . .        X - +3 scimitar (flame)
rCold   . . .        c - +0 buckler
rNeg    . . .        U - +1 chain mail "Eklall" {rElec Str+4}
rPois   .            w - +0 helmet
rElec   +            p - +0 cloak
rCorr   +            n - +0 pair of gloves
SInv    .            (no barding)
Will    ++...        (no amulet)
Stlth   ++           g - ring of willpower
HPRegen 0.43/turn    u - ring of resist corrosion
MPRegen 0.17/turn

%: roll
@: no status effects
A: large, rugged brown scales 3, deformed body, armoured tail, roll, long
tongue, awkward tongue
a: Renounce Religion, Minor Destruction, Lesser Servant of Makhleb, Major
Destruction, Greater Servant of Makhleb


You were on level 12 of the Dungeon.
You worshipped Makhleb.
Makhleb was extremely pleased with you.
You visited 2 branches of the dungeon, and saw 17 of its levels.

You collected 1372 gold pieces.
You spent 104 gold pieces at shops.

Inventory:

Hand Weapons
 a - a +0 vampiric rapier
 b - a +1 demon whip of venom
 f - a +2 dagger of electrocution
 s - a +2 dagger of holy wrath
 x - a +0 long sword
 A - the +8 hand axe "Koler" {venom, rElec}
   (You found it on level 9 of the Dungeon)

   rElec:     It insulates you from electricity.
 F - a +2 short sword of draining
 G - a +1 dagger of venom
 M - a +0 scimitar of freezing
 P - the +0 rapier of Anxiety {heavy, MP-9 Str+3 Stlth+}
   (You found it on level 5 of the Lair of Beasts)

   Str:       It affects your strength (+3).
   MP:        It affects your magic capacity (-9).
   Stlth:     It makes you more stealthy.
 Q - a +3 war axe of flaming
 X - a +3 scimitar of flaming (weapon)
 Z - the +9 quarterstaff of Rotation {protect, Str+3}
   (You found it on level 11 of the Dungeon)

   Str:       It affects your strength (+3).
Missiles
 H - 6 javelins (quivered)
 J - 3 atropa-tipped darts
 R - 2 throwing nets
Armour
 c - a +0 buckler (worn)
 e - the +4 ring mail of the Sky {Fly}
   (You found it on level 3 of the Dungeon)

   Fly:       It grants you flight.
 n - a +0 pair of gloves (worn)
 p - a +0 cloak (worn)
 w - a +0 helmet (worn)
 C - a +0 kite shield
 U - the +1 chain mail "Eklall" (worn) {rElec Str+4}
   (You found it on level 5 of the Lair of Beasts)

   Str:       It affects your strength (+4).
   rElec:     It insulates you from electricity.
Jewellery
 g - a ring of willpower (left hand)
 u - a ring of resist corrosion (right hand)
 W - a ring of protection from fire
Wands
 l - a wand of paralysis (6)
 v - a wand of mindburst (3)
 y - a wand of flame (27)
 K - a wand of polymorph (9)
 L - a wand of acid (1)
 O - a wand of iceblast (9)
 S - a wand of digging (9)
Scrolls
 h - a scroll of brand weapon
 j - a scroll of butterflies {unknown}
 m - 3 scrolls of immolation
 r - 3 scrolls of magic mapping
 t - a scroll of identify
 B - a scroll of poison
 D - 2 scrolls of amnesia {unknown}
 T - 2 scrolls of enchant armour {unknown}
Potions
 d - a potion of might
 i - a potion of brilliance
 k - 4 potions of flight
 o - 3 potions of attraction
 I - 10 potions of ambrosia
 N - 3 potions of lignification
 V - a potion of magic {unknown}
Miscellaneous
 E - a phantom mirror
 Y - a box of beasts (inert)


   Skills:
 + Level 14.8 Fighting
 - Level 10.0 Short Blades
 + Level 0.7(6.2) Long Blades
 - Level 1.3(1.5) Axes
 - Level 1.2(1.5) Maces & Flails
 - Level 0.4 Throwing
 - Level 7.8 Armour
 - Level 1.6 Dodging
 - Level 12.0 Stealth
 - Level 4.0 Shields
 - Level 9.5 Invocations
 - Level 6.0 Evocations


You had 13 spell levels left.
You didn't know any spells.
Your spell library contained the following spells:

 Spells                   Type           Power      Damage    Failure   Level
 Beastly Appendage        Tmut           0%         N/A       88%         1
 Wereblood                Tmut           0%         N/A       96%         2
 Dazzling Flash           Conj/Hex       0%         N/A       99%         3
 Spider Form              Tmut/Pois      0%         N/A       99%         3
 Volatile Blastmotes      Fire/Tloc      0%         2d10      99%         3
 Iskenderun's Mystic Bla  Conj/Tloc      0%         2d3       100%        4
 Summon Lightning Spire   Summ/Air       0%         N/A       100%        4
 Simulacrum               Ice/Necr       0%         N/A       100%        6
 Starburst                Conj/Fire      0%         6d3       100%        6
 Ozocubu's Refrigeration  Ice            0%         4d7       100%        7
 Storm Form               Tmut/Air       0%         N/A       100%        7
 Maxwell's Capacitive Co  Air            0%         ∞         100%        8
 Polar Vortex             Ice            0%         N/A       100%        9


Dungeon Overview and Level Annotations

Branches:
Dungeon (12/15)            Temple (0/1) D:7            Lair (5/5) D:10
 Shoals (0/4) Lair:3        Snake (0/4) Lair:3        Slime (0/5) Lair:4
    Orc (0/2) D:10

Altars:
Ashenzari
Cheibriados
Gozag
Makhleb
Okawaru
Qazlal
Ru
Trog
Vehumet
Wu Jian
Xom
Yredelemnul
Zin
The Shining One

Shops:
D:10 *   D:11 (

Annotations:
D:3 2 runed translucent doors, Radiant's ghost, amateur DEHW
Lair:2 2 transporters, gdog's ghost, journeyman GnDe


Innate Abilities, Weirdness & Mutations

You are completely covered in rugged brown scales. (AC +3, +7% HP)
Armour fits poorly on your strangely shaped body.
You have a long armoured tail.
You roll when moving toward enemies. (Rampage)
Your long tongue fully drains potion bottles. (2x potion effects)
Your tongue gives you trouble enunciating. (1.5x scroll delay)


Message History

The cyclops is lightly wounded.
Something hits you but does no damage.
An orc comes into view. It is wielding a +0 falchion.
The cyclops hits you!
You barely miss the cyclops.
The cyclops is lightly wounded.
Something hits you but does no damage. Something hits you!
The orc shouts!
You hit the cyclops. You burn the cyclops.
You tail-slap the cyclops, but do no damage.
The cyclops is lightly wounded.
You hear a shout!
Something hits you.
* * * LOW HITPOINT WARNING * * *
The cyclops hits you!!
* * * LOW HITPOINT WARNING * * *
Okay, then.
Okay, then.
Blink to where?
Press: ? - help, Dir - move target As you slowly read the scroll of blinking, it crumbles to dust.
As you slowly read the scroll of fog, it crumbles to dust.
The scroll dissolves into smoke.
Something hits you!
* * * LOW HITPOINT WARNING * * *
You slash something! You burn something. Something hits you!
* * * LOW HITPOINT WARNING * * *
Something hits you but does no damage. x2
Okay, then.
Blink to where?
Press: ? - help, Dir - move target
Found a stone staircase leading down.
As you slowly read the scroll of blinking, it crumbles to dust.
Aiming: Corrosive Bolt
Press: ? - help, Shift-Dir - straight line Something hits you but does no damage. x2
Aiming: Corrosive Bolt
Press: ? - help, Shift-Dir - straight line The bolt of acid hits something!
The acid corrodes something!
Something hits you but does no damage. Something hits you.
You die...

#.....C...##§§§§.......
...##..###..§§§§§.......
#.<.# ####§§§§.......
#.....# #{##...#....
.......## #.##...#...^
#####.## #.##...# ##.
#.# #.####.# #.#
#.####.#.# #+#
#..{@.>..# ######.### .#
#


There were no monsters in sight!

Vanquished Creatures
  A yaktaur captain (D:12)
  A catoblepas (Lair:5)
  Erica (D:11)
  9 death yaks
  A two-headed ogre (D:11)
  Nergalle (D:11)
  2 skysharks (Lair:4)
  Amaemon (D:10)
  Pikel (D:7)
  3 oklob plants (Lair:4)
  2 ugly things (D:12)
  A deep elf pyromancer (D:9)
  A cyclops (D:10)
  A manticore (Lair:3)
  A torpor snail (Lair:1)
  A black mamba (Lair:4)
  4 cane toads
  Maggie (D:7)
  3 rime drakes
  4 komodo dragons
  A queen bee (Lair:3)
  8 polar bears
  Prince Ribbit (D:9)
  30 blink frogs
  A wind drake (Lair:3)
  A blink frog (shapeshifter) (D:11)
  6 hornets
  3 slime creatures (Lair:4)
  A shadow (D:9)
  13 spriggans (Lair:5)
  2 wraiths
  3 wyverns
  Eustachio (D:4)
  3 basilisks
  33 yaks
  2 vampire mosquitoes (D:12)
  3 steam dragons
  An acid dragon (D:10)
  A warg (Lair:1)
  A naga (Lair:3)
  A floating eye (Lair:4)
  Duvessa (D:7)
  9 water moccasins
  2 sky beasts
  2 orc warriors
  2 ice beasts
  2 black bears
  3 ogres
  4 boggarts (Lair:5)
  A phantom (D:5)
  34 wolves
  8 centaurs
  A lemure (D:7)
  2 kobold brigands (D:11)
  12 bullfrogs
  A gnoll sergeant (D:9)
  8 scorpions
  Dowan (D:7)
  11 killer bees
  A howler monkey (D:10)
  A crimson imp (D:6)
  5 hounds
  Crazy Yiuf (D:6)
  8 orc priests
  3 jellies
  5 iguanas
  9 orc wizards
  2 hell rats (Lair:4)
  Robin (D:2)
  3 gnolls (D:9)
  10 adders
  A shadow imp (D:7)
  2 ufetubi (D:5)
  2 worms (D:2)
  A dart slug (D:5)
  26 orcs
  4 ball pythons
  11 endoplasms
  2 giant cockroaches
  12 goblins
  6 hobgoblins
  2 jackals (D:3)
  7 quokkas
  2 bats
  4 frilled lizards
  2 hobgoblin zombies (D:6)
  11 kobolds
  A kobold zombie (D:6)
  An orc skeleton (D:6)
  An orc zombie (D:6)
  4 rats
411 creatures vanquished.

Vanquished Creatures (collateral kills)
  2 boulder beetles (Lair:5)
  A skyshark (Lair:5)
  An orange demon (D:10)
  A black mamba (Lair:5)
  A komodo dragon (Lair:3)
  3 kobold demonologists (D:11)
  5 blink frogs (Lair:3)
  5 yaks (Lair:5)
  3 basilisks
  A naga (Lair:3)
  A wolf (Lair:3)
  4 bullfrogs
  10 killer bees (Lair:3)
  An orc wizard (D:10)
  4 hell rats (Lair:4)
  An orc (D:10)
  2 kobolds (D:11)
46 creatures vanquished.

Grand Total: 457 creatures vanquished

Notes
Turn   | Place    | Note
-------+----------+-------------------------------------------
     0 | D:1      | Zonian the Armataur Fighter began the quest for the Orb.
     0 | D:1      | Reached XP level 1. HP: 19/19 MP: 1/1
   151 | D:1      | Found a faded altar of an unknown god.
   160 | D:1      | Reached XP level 2. HP: 26/26 MP: 2/2
   163 | D:1      | Prayed at the altar of an unknown god.
   163 | D:1      | Became a worshipper of Makhleb the Destroyer
   163 | D:1      | Reached * piety under Makhleb
   509 | D:1      | Reached skill level 3 in Fighting
   663 | D:2      | Reached XP level 3. HP: 21/33 MP: 3/3
  1072 | D:2      | Reached ** piety under Makhleb
  1073 | D:2      | Reached XP level 4. HP: 35/40 MP: 4/4
  1152 | D:2      | Noticed Robin
  1177 | D:2      | Killed Robin
  1557 | D:3      | Found a large runed translucent door.
  1557 | D:3      | Found a large runed translucent door.
  1560 | D:3      | Identified the +4 ring mail of the Sky {Fly}
  1768 | D:3      | Noticed a scorpion
  1773 | D:3      | Killed a scorpion
  1774 | D:3      | Reached skill level 5 in Armour
  1774 | D:3      | Reached skill level 1 in Dodging
  1774 | D:3      | Reached XP level 5. HP: 48/48 MP: 5/5
  1856 | D:3      | Found an iron altar of Okawaru.
  2027 | D:3      | Noticed Radiant's ghost (amateur DEHW)
  2398 | D:4      | Reached skill level 1 in Stealth
  2403 | D:4      | Reached XP level 6. HP: 46/54 MP: 6/6
  2536 | D:4      | Noticed Eustachio
  2547 | D:4      | Killed Eustachio
  2878 | D:5      | Entered Level 5 of the Dungeon
  3020 | D:5      | Reached XP level 7. HP: 60/62 MP: 7/7
  3042 | D:5      | Reached *** piety under Makhleb
  3052 | D:5      | Reached skill level 4 in Fighting
  3122 | D:5      | Reached skill level 5 in Short Blades
  3583 | D:5      | Identified the +7 trident "Madop" {pain, *Rage rF++ Will++}
  3657 | D:5      | Reached XP level 8. HP: 54/71 MP: 8/8
  3734 | D:5      | Found a snail-covered altar of Cheibriados.
  4080 | D:6      | Reached skill level 1 in Invocations
  4226 | D:6      | Reached skill level 5 in Fighting
  4302 | D:6      | Found a stormy altar of Qazlal.
  4568 | D:6      | Found a glowing golden altar of the Shining One.
  4661 | D:6      | Found a runed translucent door.
  4662 | D:6      | Noticed Crazy Yiuf
  4673 | D:6      | Killed Crazy Yiuf
  4674 | D:6      | Reached XP level 9. HP: 70/79 MP: 11/11
  4819 | D:6      | Reached **** piety under Makhleb
  4926 | D:6      | Found a basalt altar of Yredelemnul.
  4950 | D:6      | Found an ornate altar of the Wu Jian Council.
  4952 | D:6      | Found an iron altar of Okawaru.
  4952 | D:6      | Found a burning altar of Makhleb.
  4954 | D:6      | Found a shimmering altar of Xom.
  4954 | D:6      | Found a bloodstained altar of Trog.
  4954 | D:6      | Found a radiant altar of Vehumet.
  5336 | D:7      | Noticed Maggie
  5353 | D:7      | Killed Maggie
  5573 | D:7      | Found an opulent altar of Gozag.
  5630 | D:7      | Reached skill level 6 in Fighting
  5717 | D:7      | Noticed Pikel
  5741 | D:7      | Killed Pikel
  5742 | D:7      | Reached skill level 5 in Invocations
  6195 | D:7      | Found a staircase to the Ecumenical Temple.
  6357 | D:7      | Noticed Duvessa
  6509 | D:7      | Noticed Dowan
  6511 | D:7      | Killed Duvessa
  6521 | D:7      | Killed Dowan
  6769 | D:8      | Found a sacrificial altar of Ru.
  6830 | D:8      | Reached XP level 10. HP: 61/89 MP: 14/14
  7369 | D:8      | Found a glowing silver altar of Zin.
  8263 | D:9      | Noticed a deep elf pyromancer
  8348 | D:9      | Reached skill level 7 in Fighting
  8381 | D:9      | Noticed Prince Ribbit
  8398 | D:9      | Killed Prince Ribbit
  8975 | D:9      | Killed a deep elf pyromancer
  8976 | D:9      | Reached skill level 10 in Short Blades
  9814 | D:9      | Reached skill level 8 in Fighting
  9892 | D:9      | Identified the +8 hand axe "Koler" {venom, rElec}
 10288 | D:9      | Found an ornate altar of the Wu Jian Council.
 10312 | D:10     | Entered Level 10 of the Dungeon
 10335 | D:10     | Noticed a death yak
 10349 | D:10     | Noticed a death yak
 10350 | D:10     | Noticed a death yak
 10370 | D:10     | Found a staircase to the Lair.
 10853 | D:10     | Noticed a cyclops
 10858 | Lair:1   | Entered Level 1 of the Lair of Beasts
 11558 | Lair:1   | Noticed a torpor snail
 11766 | Lair:1   | Killed a torpor snail
 11767 | Lair:1   | Reached XP level 11. HP: 85/101 MP: 16/16
 11855 | Lair:1   | Reached skill level 1 in Axes
 11943 | Lair:1   | Reached skill level 9 in Fighting
 12819 | Lair:2   | Found a transporter.
 12830 | Lair:2   | Noticed a spriggan rider
 12832 | Lair:2   | Found a bloodstained altar of Trog.
 12832 | Lair:2   | Noticed gdog's ghost (journeyman GnDe)
 12837 | Lair:2   | Noticed a spriggan rider
 13559 | Lair:2   | Reached skill level 10 in Fighting
 13685 | Lair:2   | Found a transporter.
 14254 | Lair:3   | Reached skill level 5 in Stealth
 14803 | Lair:3   | Found a staircase to the Snake Pit.
 14820 | Lair:3   | Reached skill level 11 in Fighting
 15792 | Lair:3   | Noticed a death yak
 15843 | Lair:3   | Noticed a death yak
 15844 | Lair:3   | Noticed a death yak
 15886 | Lair:3   | Killed a death yak
 15887 | Lair:3   | Reached XP level 12. HP: 110/117 MP: 18/18
 16216 | Lair:3   | Noticed a death yak
 16216 | Lair:3   | Noticed a death yak
 16216 | Lair:3   | Noticed a death yak
 16240 | Lair:3   | Killed a death yak
 16762 | Lair:3   | Reached skill level 12 in Fighting
 17046 | Lair:3   | Noticed a death yak
 17095 | Lair:3   | Noticed a death yak
 17096 | Lair:3   | Noticed a death yak
 17152 | Lair:3   | Killed a death yak
 17461 | Lair:2   | Killed a death yak
 17586 | Lair:3   | Killed a death yak
 17746 | Lair:3   | Noticed a death yak
 17797 | Lair:2   | Killed a death yak
 18089 | Lair:3   | Found a staircase to the Shoals.
 19243 | Lair:4   | Found a staircase to the Slime Pits.
 19311 | Lair:4   | Found a burning altar of Makhleb.
 19355 | Lair:4   | Reached skill level 13 in Fighting
 19447 | Lair:4   | Reached ***** piety under Makhleb
 19735 | Lair:4   | Reached XP level 13. HP: 130/130 MP: 20/20
 19817 | Lair:4   | Reached skill level 1 in Evocations
 20189 | Lair:4   | You are sucked into a shaft and drop 1 floor!
 20189 | Lair:5   | Entered Level 5 of the Lair of Beasts
 20209 | Lair:5   | Identified the +0 rapier of Anxiety {heavy, MP-9 Str+3
                  | Stlth+}
 21209 | Lair:5   | Paralysed by a hornet for 1 turns
 21784 | Lair:5   | Reached skill level 10 in Stealth
 22731 | Lair:5   | Reached skill level 5 in Evocations
 23269 | Lair:5   | Identified the +1 chain mail "Eklall" {rElec Str+4}
 23444 | Lair:5   | Paralysed by a hornet for 2 turns
 23452 | Lair:5   | Reached skill level 14 in Fighting
 23827 | D:10     | Found a staircase to the Orcish Mines.
 23872 | D:10     | You fall into a shaft and drop 1 floor!
 24031 | D:11     | Noticed Erica
 24043 | D:11     | Killed Erica
 24100 | D:11     | Noticed Nergalle
 24123 | D:11     | Killed Nergalle
 24154 | D:11     | Identified the +9 quarterstaff of Rotation {protect, Str+3}
 24307 | D:10     | Noticed Amaemon
 24313 | D:10     | Found Ruef's General Store.
 24327 | D:10     | Bought a potion of curing for 39 gold pieces
 24327 | D:10     | Bought a potion of heal wounds for 65 gold pieces
 24411 | D:10     | Killed Amaemon
 24455 | D:10     | Reached XP level 14. HP: 55/141 MP: 21/21
 24896 | D:10     | Found a broken altar of Ashenzari.
 25280 | D:10     | Upgraded the game from 0.30.1-8-g117510f58f to
                  | 0.30.1-9-gdf580d7c3d
 25624 | D:11     | Found Yriepp's Weapon Emporium.
 26430 | D:12     | Reached skill level 1 in Maces & Flails
 26698 | D:12     | HP: 2/142 [something (9)]
 26704 | D:12     | Slain by an unseen horror

Illustrated notes

Levels and vault maps discovered:
D:1:      heliophobic_arrival_ceremonial_halls, layout_rooms,
          dreamdust_ecumenical_altar_statues, grunt_decor_cap,
          wander_ebering_terrifying_dragon_lair
D:2:      layout_rooms, uniq_robin
D:3:      layout_basic, lemuel_tele_altar, ebering_ghost_disaster_area
D:4:      layout_cave_pools, minivault_26, uniq_eustachio
D:5:      layout_basic, kennysheep_slug_shrine
D:6:      layout_cave_pods, kennysheep_mini_moat, nicolae_tso_besieged_by_evil,
          doesnt_xom_only_xom, mainiacjoe_overflow_surrounded_room,
          uniq_crazy_yiuf_cottage
D:7:      layout_cave_pods, mainiacjoe_overflow_small_starburst,
          minmay_temple_entry_tees, uniq_pikel, uniq_maggie, uniq_duvessa
D:8:      layout_basic, mainiacjoe_overflow_alcove_2, nicolae_ru_awakened_eye
D:9:      layout_cave_pools, kennysheep_mini, uniq_prince_ribbit1
D:10:     layout_rooms, nicolae_ashenzari_skybound, dpeg_lair_monsters,
          orc_0_dummy, serial_shops, shop, uniq_amaemon
D:11:     layout_roguey, serial_shops, kennysheep_little_box, uniq_nergalle,
          uniq_erica
D:12:     minmay_strange_plus, layout_loops_corners
Lair:1:   beast_lair_carwin_large_4, layout_long_grid
Lair:2:   layout_cave_pods, gammafunk_ghost_wrathful_warriors,
          chequers_serial_rivers_micro_d, serial_bayou_shore_b
Lair:3:   layout_hall_layers, minmay_shoals_entry_beasts,
          guppyfry_snake_entry_garden, special_room [special_room_bee]
Lair:4:   layout_cave_pods, minmay_slime_entry_pillars, basic_altar,
          disabler_island
Lair:5:   minmay_lair_end_enchanted_forest, layout_regular_city

Skill      XL: |  1  2  3  4  5  6  7  8  9 10 11 12 13 14 |
---------------+-------------------------------------------+-----
Armour         | 4 5 6 7 |  7.8
Fighting       | 3 4 5 6 8 11 13 14 | 14.8
Short Blades   | 2 3 5 7 9 10 | 10.0
Shields        | 4 |  4.0
Dodging        | 1 |  1.6
Stealth        | 1 2 3 6 8 11 12 | 12.0
Invocations    | 3 5 7 8 9 |  9.5
Axes           | 1 |  1.3
Evocations     | 6 |  6.0
Maces & Flails | 1 |  1.2
Long Blades    | |  0.7
Throwing       | |  0.4

Action                     |  1- 3 |  4- 6 |  7- 9 | 10-12 | 13-15 || total
---------------------------+-------+-------+-------+-------+-------++-------
  Melee: Rapier            |    23 |       |       |       |       ||    23
         Dagger            |    98 |   154 |   383 |   167 |       ||   802
         Tailslap          |     9 |    18 |    56 |   224 |   223 ||   530
         Short sword       |       |       |       |  1063 |   988 ||  2051
         Hand axe          |       |       |       |    10 |       ||    10
         Demon whip        |       |       |       |       |    34 ||    34
         Scimitar          |       |       |       |       |    18 ||    18
  Throw: Javelin           |       |       |       |     2 |       ||     2
         Dart              |       |       |       |     1 |       ||     1
 Invoke: Lesser Servant of |       |       |       |     9 |     5 ||    14
  Evoke: Wand              |       |     3 |     5 |    18 |     9 ||    35
         Box of beasts     |       |       |       |       |     1 ||     1
    Use: Scroll            |       |     9 |     4 |    15 |     7 ||    35
         Potion            |       |       |     3 |     6 |     3 ||    12
   Stab: Paralysed         |       |     5 |     2 |     1 |     1 ||     9
         Sleeping          |       |       |     1 |     5 |    10 ||    16
         Invisible         |       |       |     5 |       |       ||     5
         Distracted        |       |       |       |     4 |     2 ||     6
 Armour: Scale mail        |    53 |    16 |       |       |       ||    69
         Ring mail         |       |    62 |   119 |   397 |   181 ||   759
         Chain mail        |       |       |       |       |   206 ||   206
  Dodge: Dodged            |    41 |    51 |    91 |   328 |   231 ||   742
  Block: Buckler           |    24 |    25 |    62 |   202 |   152 ||   465
